 Dungeon Crawl Stone Soup version 0.22.1-6-g1668fe2 (webtiles) character file.

304 Marihumana the Twirler (level 6, -5/47 HPs)
             Began as a Demonspawn Gladiator on Jan 21, 2019.
             Was an Initiate of Qazlal.
             Slain by a gnoll
             ... wielding a +0 halberd
              (6 damage)
             ... on level 4 of the Dungeon.
             The game lasted 00:08:01 (2219 turns).

Marihumana the Twirler (Demonspawn Gladiator)       Turns: 2219, Time: 00:08:02

Health: -5/47      AC:  8    Str: 14    XL:     6   Next: 15%
Magic:  6/6        EV: 14    Int:  9    God:    Qazlal [......]
Gold:   113        SH:  0    Dex: 17    Spells: 5/5 levels left

rFire    . . .     SeeInvis .   a - +0 quarterstaff
rCold    . . .     Gourm    .   (shield currently unavailable)
rNeg     . . .     Faith    .   h - +2 robe {MR+}
rPois    .         Spirit   .   c - +0 helmet
rElec    .         Reflect  .   (no cloak)
rCorr    .         Harm     .   k - +0 pair of gloves
MR       ++...                  (no boots)
Stlth    +++.......             (no amulet)
HPRegen  0.15/turn              s - ring of protection from magic
MPRegen  0.10/turn              (no ring)

@: very slightly contaminated, invisible
A: claws 2, slimy green scales 1, nightstalker 1
a: Renounce Religion


You were on level 4 of the Dungeon.
You worshipped Qazlal.
Qazlal was noncommittal.
You were hungry.

You visited 1 branch of the dungeon, and saw 4 of its levels.

You collected 113 gold pieces.

Inventory:

Hand Weapons
 a - a +0 quarterstaff (weapon)
Missiles
 d - 3 throwing nets (quivered)
Armour
 c - a +0 helmet (worn)
 h - a +2 robe of magic resistance (worn)
 k - a +0 pair of gloves (worn)
Jewellery
 s - a ring of protection from magic (left hand)
Scrolls
 b - a scroll of enchant armour {unknown}
 e - 4 scrolls of remove curse {unknown}
 j - 3 scrolls of identify {unknown}
 n - 3 scrolls of teleportation {unknown}
 u - a scroll of fog {unknown}
 v - a scroll of fear {unknown}
 w - a scroll of immolation {unknown}
 x - a scroll of magic mapping {unknown}
Potions
 g - a potion of lignification {unknown}
 i - a potion of cancellation {unknown}
 l - a potion of invisibility
 m - a potion of brilliance {unknown}
 o - a potion of heal wounds {unknown}
 p - a potion of haste {unknown}
 q - 2 potions of curing {unknown}
 t - a potion of resistance {unknown}
Comestibles
 f - 5 rations


   Skills:
 + Level 3.0 Fighting
 + Level 5.0 Staves
 - Level 1.7 Throwing
 + Level 3.8 Dodging
 + Level 1.4 Stealth


You had 5 spell levels left.
You didn't know any spells.
Your spell library was empty.

Dungeon Overview and Level Annotations

Branches:
Dungeon (4/15)
 Temple: D:4-7

Altars:
Qazlal
Ru


Innate Abilities, Weirdness & Mutations

You have very sharp fingernails.
You are partially covered in slimy green scales. (AC +2)
You are slightly more attuned to the shadows.


Message History

The gnoll hits you but does no damage. The gnoll misses you.
All of the chunks of flesh in your inventory have rotted away.
You barely miss the gnoll.
The gnoll is lightly wounded.
The gnoll closely misses you. The gnoll hits you with a halberd!
* * * LOW HITPOINT WARNING * * *
It was a potion of invisibility.
You fade into invisibility!
The gnoll completely misses you. The phantom hits you!
* * * LOW HITPOINT WARNING * * *
The phantom blinks!
The gnoll closely misses you.
You are very lightly contaminated with residual magic.
You hit the gnoll.
The gnoll is heavily wounded.
The gnoll barely misses you. The gnoll misses you.
You catch the helpless gnoll completely off-guard!
You hit the gnoll.
The gnoll is heavily wounded.
The gnoll hits you but does no damage. The gnoll hits you with a halberd.
You die...

###.#.#.# #.#...#.. ##
.....:. ...##.....#
........#.##
.......ggW...##
#...<.##@........≈
#......#.........≈
#>........#......≈
#................≈
#.###..W.##..........≈
......†......#......#
##...#.........†.#.
#.........##.....#..#
#.....................


You could see a phantom and 2 gnolls.

Vanquished Creatures
  An ogre (D:4)
  An orc wizard (D:3)
  Jessica (D:2)
  2 worker ants (D:4)
  A gnoll (D:4)
  4 adders
  3 worms
  A dart slug (D:2)
  5 leopard geckos
  4 orcs
  3 giant cockroaches
  4 goblins (D:1)
  5 hobgoblins
  A quokka (D:2)
  7 bats
  6 frilled lizards
  7 kobolds
  9 rats
65 creatures vanquished.

Notes
Turn   | Place    | Note
-------+----------+-------------------------------------------
     0 | D:1      | Marihumana the Demonspawn Gladiator began the quest for the
                  | Orb.
     0 | D:1      | Reached XP level 1. HP: 16/16 MP: 1/1
   144 | D:1      | Reached skill level 3 in Staves
   144 | D:1      | Gained mutation: You have sharp fingernails. [demonic
                  | ancestry]
   144 | D:1      | Reached XP level 2. HP: 18/22 MP: 2/2
   586 | D:2      | Reached XP level 3. HP: 27/27 MP: 3/3
   587 | D:2      | Noticed Jessica
   596 | D:2      | Killed Jessica
   626 | D:2      | Gained mutation: You are slightly more attuned to the
                  | shadows. [demonic ancestry]
   626 | D:2      | Reached XP level 4. HP: 17/34 MP: 4/4
  1229 | D:3      | Reached skill level 4 in Staves
  1619 | D:3      | Gained mutation: You are partially covered in slimy green
                  | scales. (AC +2) [demonic ancestry]
  1619 | D:3      | Reached XP level 5. HP: 39/39 MP: 5/5
  1674 | D:3      | Found a stormy altar of Qazlal.
  1685 | D:3      | Became a worshipper of Qazlal Stormbringer
  1854 | D:4      | Found a sacrificial altar of Ru.
  1957 | D:4      | Noticed an ogre
  1969 | D:4      | Reached skill level 1 in Stealth
  1978 | D:4      | Killed an ogre
  1978 | D:4      | Gained mutation: You have very sharp fingernails. [demonic
                  | ancestry]
  1978 | D:4      | Reached XP level 6. HP: 19/47 MP: 6/6
  2206 | D:4      | Reached skill level 5 in Staves
  2217 | D:4      | HP: 1/47 [phantom (7)]
  2219 | D:4      | Slain by a gnoll

Skill      XL: |  1  2  3  4  5  6 |
---------------+-------------------+-----
Staves         | 3 4 5 |  5.0
Dodging        | 3 |  3.8
Stealth        | 1 |  1.4
Fighting       | 3 |  3.0
Throwing       | |  1.7

Action                   |  1- 3 |  4- 6 || total
-------------------------+-------+-------++-------
Melee: Quarterstaff      |    93 |   145 ||   238
  Use: Potion            |       |     1 ||     1
 Stab: Sleeping          |     1 |     4 ||     5
       Invisible         |       |     1 ||     1
  Eat: Chunk             |       |     4 ||     4
Armor: Leather armour    |    10 |       ||    10
       Robe              |    18 |    45 ||    63
Dodge: Dodged            |    59 |   126 ||   185
